 Dungeon Crawl Stone Soup version 0.21-a0-426-g98080a9 (webtiles) character file.

42563 Dorkslayer the Cleaver (level 13, -7/116 HPs)
             Began as a Deep Dwarf Fighter on Nov 5, 2017.
             Was a Priest of Elyvilon.
             Mangled by an orc warlord
             ... wielding a +0 great mace
              (43 damage)
             ... on level 1 of the Orcish Mines.
             The game lasted 01:37:43 (14941 turns).

Dorkslayer the Cleaver (Deep Dwarf Fighter)        Turns: 14941, Time: 01:37:44

Health: -7/116     AC: 27    Str: 24    XL:     13   Next: 86%
Magic:  7/7        EV: 11    Int:  8    God:    Elyvilon [***...]
Gold:   689        SH: 17    Dex: 14    Spells: 12/12 levels left

rFire    + . .     SeeInvis .   k - +1 war axe (flame)
rCold    . . .     Gourm    +   c - +0 shield
rNeg     . . .     Faith    .   M - +2 plate armour {rPois}
rPois    +         Spirit   .   Q - +2 helmet
rElec    .         Reflect  .   v - +0 cloak
rCorr    .         Harm     .   y - +0 pair of gloves
MR       ++...                  m - +0 pair of boots
Stlth    ..........             E - amulet of the gourmand
HPRegen  0.00/turn              t - ring of protection from fire
MPRegen  0.10/turn              P - ring of protection from magic

@: non-regenerating
A: damage resistance, heal wounds, icy blue scales 1, large bone plates 1, thin
metallic scales 1, sense surroundings 2, no regeneration
a: Heal Wounds, Lesser Healing, Heal Other, Purification, Divine Protection,
Renounce Religion


You were on level 1 of the Orcish Mines.
You worshipped Elyvilon.
Elyvilon was most pleased with you.
You were very full.

You visited 4 branches of the dungeon, and saw 17 of its levels.
You visited the Abyss 1 time.
You also visited: Bailey.

You collected 1578 gold pieces.
You spent 889 gold pieces at shops.

Inventory:

Hand Weapons
 a - a +1 war axe
 k - a +1 war axe of flaming (weapon)
Missiles
 n - 40 tomahawks (quivered)
 B - a poisoned tomahawk
Armour
 c - a +0 shield (worn)
 m - a +0 pair of boots (worn)
 v - a +0 cloak (worn)
 y - a +0 pair of gloves (worn)
 F - a +2 plate armour of cold resistance
 M - a +2 plate armour of poison resistance (worn)
 Q - a +2 helmet (worn)
Jewellery
 t - a ring of protection from fire (left hand)
 E - an amulet of the gourmand (around neck)
 P - a ring of protection from magic (right hand)
Wands
 i - a wand of iceblast (0/15)
 q - a wand of polymorph (3/24)
 r - a wand of flame (0/48)
 C - a wand of confusion (0/48)
 D - a wand of polymorph (8/24)
 G - a wand of polymorph (6/24)
 H - a wand of polymorph (12/24)
 N - a wand of acid (0/15)
Scrolls
 b - a scroll of silence {unknown}
 d - 6 scrolls of teleportation
 h - 6 scrolls of magic mapping
 j - 3 scrolls of fog
 l - 4 scrolls of remove curse
 o - 2 scrolls of immolation
 u - 2 scrolls of enchant armour
 x - 3 scrolls of blinking
Potions
 e - 4 potions of flight
 p - 2 potions of invisibility
 s - 4 potions of brilliance
 z - 8 potions of curing
 J - a potion of agility
 K - a potion of cancellation
 L - a potion of magic {unknown}
 O - a potion of heal wounds
Comestibles
 f - 12 bread rations
 g - 7 meat rations
 w - 3 royal jellies
 A - 22 chunks of flesh


   Skills:
 + Level 7.6 Fighting
 + Level 12.5 Axes
 + Level 4.9 Throwing
 + Level 9.0 Armour
 + Level 10.0 Dodging
 * Level 11.4 Shields
 + Level 11.3 Invocations
 + Level 10.9 Evocations


You had 12 spell levels left.
You didn't know any spells.

Dungeon Overview and Level Annotations

Branches:
Dungeon (12/15)            Temple (1/1) D:4            Lair (2/6) D:8
  Swamp (0/4) Lair:2          Orc (2/2) D:9             Elf (0/3) Orc:2
  Snake: Lair:2-4    Spider: Lair:2-4

Altars:
Ashenzari
Cheibriados
Dithmenos
Elyvilon
Fedhas
Gozag
Hepliaklqana
Kikubaaqudgha
Makhleb
Nemelex Xobeh
Okawaru
Qazlal
Ru
Sif Muna
Trog
Uskayaw
Vehumet
Wu Jian
Xom
Yredelemnul
Zin
The Shining One
Beogh

Shops:
D:6 *   D:7 *   Orc:2 *[:(


Innate Abilities, Weirdness & Mutations

You are resistant to damage.
You can heal yourself by infusing magical energy.
You passively map the area around you.
You do not regenerate.
You are partially covered in icy blue scales. (AC +2)
You are partially covered in large bone plates. (SH +4)
You are partially covered in thin metallic scales. (AC +2)


Message History

You barely miss the orc warlord.
The orc warlord is moderately wounded.
You hit the orc knight. You burn the orc knight.
You block the orc warlord's attack. You block the orc knight's attack.
You hit the orc warlord. You burn the orc warlord.
The orc warlord is moderately wounded.
You closely miss the orc knight.
You feel much better.
The orc warlord hits you with a great mace!!
You block the orc knight's attack.
You hit the orc warlord but do no damage.
The orc warlord is moderately wounded.
You hit the orc knight but do no damage.
You block the orc warlord's attack.
The orc knight hits you with a great mace!
You barely miss the orc warlord.
The orc warlord is moderately wounded.
You closely miss the orc knight.
The orc warlord hits you with a great mace!!!
You die...

##..o..#.#...## #......#....).
#....(........# ##..##.......))
##.#.....#...####...#.)........
####.....#.....#...)))....##..
#...#...#......)............
##.#..............#...#.....
##.#....................#..#
#........#o.>............###
##.#......o@)......##.....#
##.........)).........#..#
##.........)........##...#
##....).........#....##.##
#.....#)........###.## ##
#..............## ###
##.......##...##
##...#.####...# ##.#### ##.##


You could see an orc warlord and an orc knight.

Vanquished Creatures
  Gastronok (Lair:2)
  2 orc warlords
  A stone giant (Orc:1)
  An ettin (Orc:2)
  Josephine (D:10)
  A great orb of eyes (Lair:1)
  Harold (D:10)
  The ghost of NoRagrets the Spear-Bearer, a journeyman MfGl of Okawaru (D:9)
  A death knight (D:12)
  2 two-headed ogres
  A satyr (D:11)
  4 orc high priests
  A shock serpent (D:8)
  A deep elf knight (Orc:2)
  3 orc knights (Orc:1)
  2 ugly things (D:11)
  2 cyclopes (D:12)
  6 orc sorcerers
  Psyche (D:9)
  A black mamba (Lair:2)
  A spiny frog (Lair:1)
  A komodo dragon (D:8)
  A merfolk (D:10)
  4 trolls
  Grinder (D:5)
  3 blink frogs (Lair:1)
  2 hippogriffs
  Sigmund (D:2)
  6 wraiths (D:10)
  A yak (shapeshifter) (D:12)
  2 wyverns
  15 yaks
  3 hungry ghosts
  5 swamp worms (Lair:2)
  An acid dragon (D:12)
  4 porcupines
  41 orc warriors
  4 ice beasts
  2 sky beasts
  A black bear (D:10)
  4 phantoms
  11 ogres
  3 wolves (Lair:1)
  7 centaurs
  4 crocodiles
  3 big kobolds
  A gnoll sergeant (D:12)
  8 bullfrogs
  A wyvern zombie (D:9)
  A wyvern skeleton (D:11)
  3 scorpions
  14 killer bees
  2 electric eels
  8 wights
  5 crimson imps
  2 centaur zombies
  A quasit (D:9)
  5 hounds
  4 jellies
  2 bullfrog skeletons
  21 orc priests
  21 orc wizards
  8 iguanas
  Jessica (D:2)
  2 centaur skeletons
  Ijyb (D:3)
  10 worker ants
  3 gnolls (D:12)
  13 adders
  4 shadow imps
  An ooze (D:2)
  3 adder skeletons
  3 worms
  2 dart slugs
  7 leopard geckos
  80 orcs
  5 bats
  6 giant cockroaches
  14 goblins
  2 hobgoblins
  13 jackals
  17 kobolds
  5 quokkas
  A ball python (D:1)
  3 frilled lizards
  A jackal zombie (D:7)
  A leopard gecko zombie (D:9)
  A quokka zombie (D:9)
  4 rats
  A fungus (Lair:2)
476 creatures vanquished.

Vanquished Creatures (others)
  A black bear (D:6)
  2 orc wizards
  2 plants (D:8)
5 creatures vanquished.

Grand Total: 481 creatures vanquished

Notes
Turn   | Place    | Note
-------+----------+-------------------------------------------
     0 | D:1      | Dorkslayer the Deep Dwarf Fighter began the quest for the Orb.
     0 | D:1      | Reached XP level 1. HP: 20/20 MP: 1/1
   641 | D:1      | Reached XP level 2. HP: 27/27 MP: 2/2
   888 | D:2      | Reached skill level 1 in Dodging
   888 | D:2      | Reached XP level 3. HP: 30/33 MP: 3/3
  1011 | D:2      | Noticed Jessica
  1032 | D:2      | Reached skill level 1 in Throwing
  1042 | D:2      | Killed Jessica
  1042 | D:2      | Reached skill level 3 in Axes
  1042 | D:2      | Reached XP level 4. HP: 23/40 MP: 4/4
  1087 | D:2      | You fall through a shaft for 2 floors!
  1204 | D:3      | Found a sparkling altar of Nemelex Xobeh.
  1340 | D:3      | Found a shimmering altar of Xom.
  1342 | D:3      | Found a hide-covered altar of Uskayaw.
  1342 | D:3      | Found a burning altar of Makhleb.
  1342 | D:3      | Found a sparkling altar of Nemelex Xobeh.
  1343 | D:3      | Found a shattered altar of Ashenzari.
  1393 | D:2      | Noticed Sigmund
  1396 | D:2      | Gained mutation: You are partially covered in large bone plates. (SH +4) [potion of mutation]
  1396 | D:2      | Gained mutation: You are frail. (-10% HP) [potion of mutation]
  1396 | D:2      | Gained mutation: You have a pair of small horns on your head. [potion of mutation]
  1397 | D:2      | Lost mutation: You are frail. (-10% HP) [potion of mutation]
  1397 | D:2      | Lost mutation: You have a pair of small horns on your head. [potion of mutation]
  1397 | D:2      | Gained mutation: You are partially covered in thin metallic scales. (AC +2) [potion of mutation]
  1397 | D:2      | Gained mutation: Your magical capacity is low. (-10% MP) [potion of mutation]
  1397 | D:2      | Gained mutation: You are partially covered in icy blue scales. (AC +2) [potion of mutation]
  1418 | D:2      | Killed Sigmund
  1418 | D:2      | Reached skill level 4 in Axes
  1418 | D:2      | Reached XP level 5. HP: 33/49 MP: 4/4
  1751 | D:2      | Reached XP level 6. HP: 38/56 MP: 5/5
  2518 | D:3      | Noticed Ijyb
  2533 | D:3      | Killed Ijyb
  2686 | D:4      | Reached skill level 5 in Axes
  2686 | D:4      | Reached XP level 7. HP: 32/62 MP: 6/6
  2859 | D:4      | Found a staircase to the Ecumenical Temple.
  2877 | Temple   | Entered the Ecumenical Temple
  2963 | Temple   | Became a worshipper of Elyvilon the Healer
  3311 | D:4      | Reached skill level 1 in Invocations
  3311 | D:4      | Reached skill level 1 in Evocations
  3590 | D:5      | Entered Level 5 of the Dungeon
  3615 | D:5      | Found a blossoming altar of Fedhas.
  3700 | D:5      | Reached skill level 5 in Shields
  3737 | D:5      | Reached skill level 6 in Axes
  3737 | D:5      | Reached XP level 8. HP: 32/72 MP: 8/8
  3793 | D:5      | Noticed Grinder
  3796 | D:5      | Paralysed by Grinder for 7 turns
  3820 | D:5      | Killed Grinder
  3978 | D:5      | Reached * piety under Elyvilon
  4671 | D:6      | Reached skill level 5 in Armour
  4933 | D:6      | Reached ** piety under Elyvilon
  5618 | D:6      | Found Bafronycs's General Store.
  5656 | D:6      | Bought a scroll of blinking for 75 gold pieces
  5656 | D:6      | Bought a potion of curing for 30 gold pieces
  5656 | D:6      | Bought a scroll of identify for 20 gold pieces
  5753 | D:7      | Reached skill level 7 in Axes
  5782 | D:7      | Gained mutation: You passively map the area around you. [Deep Dwarf growth]
  5782 | D:7      | Reached XP level 9. HP: 75/79 MP: 8/8
  5795 | D:7      | Found a flagged portal.
  5804 | Bailey   | Entered a bailey
  5805 | Bailey   | Noticed an orc knight
  5807 | Bailey   | Noticed an orc knight
  5807 | Bailey   | Noticed an orc knight
  6483 | D:7      | Found Tilamoca's Assorted Antiques.
  6543 | D:7      | Bought 2 potions of curing for 126 gold pieces
  6543 | D:7      | Bought a tubular emerald ring for 105 gold pieces
  6543 | D:7      | Bought a scroll of identify for 42 gold pieces
  6543 | D:7      | Bought a lumpy orange potion for 18 gold pieces
  6543 | D:7      | Bought an ivory wand for 84 gold pieces
  6544 | D:7      | Reached skill level 5 in Fighting
  6544 | D:7      | Reached skill level 8 in Axes
  6544 | D:7      | Reached XP level 10. HP: 54/88 MP: 8/11
  6568 | D:8      | Reached *** piety under Elyvilon
  6568 | D:8      | Found a glowing silver altar of Zin.
  6568 | D:8      | Noticed a two-headed ogre
  6575 | D:8      | Noticed a shock serpent
  6575 | D:8      | a two-headed ogre changed into a shock serpent
  6582 | D:8      | Killed a shock serpent
  6706 | D:8      | Found a staircase to the Lair.
  6832 | D:8      | You fall through a shaft!
  6976 | D:9      | Reached skill level 9 in Axes
  7020 | D:9      | Noticed NoRagrets's ghost (journeyman MfGl)
  7038 | D:9      | Reached XP level 11. HP: 45/97 MP: 12/12
  7123 | D:9      | Noticed Psyche
  7249 | D:9      | Killed NoRagrets's ghost
  7292 | D:9      | Found a staircase to the Orcish Mines.
  7821 | Lair:1   | Entered Level 1 of the Lair of Beasts
  8293 | Lair:1   | Noticed a five-headed hydra
  8300 | Lair:1   | Reached **** piety under Elyvilon
  8465 | Lair:1   | Noticed a great orb of eyes
  8465 | Lair:1   | a five-headed hydra changed into a great orb of eyes
  8478 | Lair:1   | Killed a great orb of eyes
  8812 | Lair:2   | Noticed Gastronok
  8841 | Lair:2   | Killed Gastronok
  9115 | Lair:2   | Reached skill level 10 in Axes
  9302 | Lair:2   | Found a staircase to the Swamp.
  9740 | D:9      | Found a roughly hewn altar of Beogh.
  9867 | D:9      | Cast into level 2 of the Abyss (Psyche)
  9901 | D:9      | Escaped the Abyss
  9908 | D:9      | Killed Psyche
  9955 | D:10     | Entered Level 10 of the Dungeon
 10090 | D:10     | Reached XP level 12. HP: 55/105 MP: 10/10
 10278 | D:10     | Noticed Harold
 10298 | D:10     | Killed Harold
 10684 | D:10     | Noticed Josephine
 10693 | D:10     | Killed Josephine
 10693 | D:10     | Reached skill level 10 in Invocations
 10870 | D:11     | Reached skill level 10 in Evocations
 10956 | D:11     | Noticed a four-headed hydra
 10960 | D:11     | Noticed a two-headed ogre
 10960 | D:11     | Noticed a satyr
 10960 | D:11     | a four-headed hydra changed into a satyr
 10972 | D:11     | Killed a satyr
 10973 | D:11     | Killed a two-headed ogre
 10981 | D:11     | Reached ***** piety under Elyvilon
 11929 | D:12     | Reached skill level 11 in Axes
 12130 | D:12     | Noticed a death knight
 12172 | D:12     | Killed a death knight
 12270 | D:12     | Noticed a two-headed ogre
 12284 | D:12     | Killed a two-headed ogre
 12453 | Orc:1    | Entered Level 1 of the Orcish Mines
 12473 | Orc:1    | Reached XP level 13. HP: 77/114 MP: 12/12
 12634 | Orc:2    | Entered Level 2 of the Orcish Mines
 12679 | Orc:2    | Noticed an orc warlord
 12753 | Orc:2    | Killed an orc warlord
 12929 | Orc:2    | Reached skill level 10 in Shields
 13234 | Orc:1    | HP: 1/115 [orc knight/great mace (39)]
 13235 | Orc:1    | Elyvilon protects you from harm!
 13522 | Orc:2    | Noticed an orc warlord
 13673 | Orc:1    | Killed an orc warlord
 13673 | Orc:1    | Reached skill level 12 in Axes
 13673 | Orc:1    | Reached skill level 10 in Dodging
 13915 | Orc:2    | Lost mutation: Your magical capacity is low. (-10% MP) [a neqoxec]
 14024 | Orc:2    | Found Lostryof's Antique Armour Shop.
 14025 | Orc:2    | Found Yxelal's Antique Weapon Boutique.
 14039 | Orc:2    | Found Ismyr's General Store.
 14039 | Orc:2    | Found Kaoxok's Book Shop.
 14045 | Orc:2    | Bought a potion of heal wounds for 70 gold pieces
 14045 | Orc:2    | Bought a potion of curing for 42 gold pieces
 14059 | Orc:2    | Bought a shiny helmet for 277 gold pieces
 14149 | Orc:2    | Found a staircase to the Elven Halls.
 14180 | Orc:2    | Paralysed by a chaos spawn for 2 turns
 14265 | Orc:2    | Noticed an ettin
 14278 | Orc:2    | Killed an ettin
 14410 | Orc:1    | Noticed a stone giant
 14435 | Orc:1    | Killed a stone giant
 14762 | Orc:1    | Noticed an orc warlord
 14941 | Orc:1    | Mangled by an orc warlord

Vault maps used:
D:1:      saegor_arrival_simple_d
D:2:      uniq_jessica, uniq_sigmund
D:3:      kennysheep_goblin_castle, grunt_temple_overflow_open, first_bread,
          nemelex_diamond_rough_becter
D:4:      minmay_temple_entry_overgrown
D:5:      fedhas_altar_3, uniq_grinder
D:6:      serial_co_window_serial, co_window_paths_a, co_window_paths_b,
          co_window_paths_a, co_window_paths_a, co_window_paths_b,
          co_window_corner_a, co_window_paths_a, co_window_corner_a,
          co_window_corner_a, co_window_broadway_b, co_window_2corner,
          co_window_paths_c, co_window_unsneaky_path_d, co_window_paths_c,
          glass_columns_a, glass_columns_a, glass_columns_a, glass_columns_c,
          serial_shops, nicolae_shop_stone
D:7:      serial_shops, shop, enter_bailey_2
D:8:      david_lair_shrubbed, basic_altar
D:9:      minmay_orc_entry_temple_small, uniq_psyche
D:10:     hangedman_fish_farm, kennysheep_flooded_box, uniq_josephine,
          uniq_harold
D:11:     cheibrodos_helix_gallery
D:12:     serial_glass, glass_columns_b, glass_columns_a
Temple:   minmay_temple_bridge_d
Lair:1:   minivault_23, grunt_megastairs_2, serial_bayou_shore_b,
          infiniplex_staircase_pool_2
Lair:2:   nicolae_swamp_entry_splash_gauntlet, serial_bayou_shore_b,
          uniq_gastronok
Orc:1:    cheibrodos_orc_arena
Orc:2:    st_orc_congregation, elf_legates
Abyss:2:  hangedman_abyss_or_decor_stagger, minivault_25
Bailey:   bailey_polearm_4, bailey

Skill      XL: |  1  2  3  4  5  6  7  8  9 10 11 12 13 |
---------------+----------------------------------------+-----
Dodging        | 1 2 3 4 7 8 9 10 | 10.0
Throwing       | 1 2 3 4 |  4.9
Axes           | 3 4 5 6 7 8 9 10 11 12 | 12.5
Fighting       | 3 4 5 6 7 |  7.6
Armour         | 4 5 6 7 8 9 |  9.0
Shields        | 4 5 7 8 9 11 | 11.4
Invocations    | 2 4 7 8 9 10 11 | 11.3
Evocations     | 1 3 7 8 9 10 | 10.9

Action                   |  1- 3 |  4- 6 |  7- 9 | 10-12 | 13-15 || total
-------------------------+-------+-------+-------+-------+-------++-------
Melee: War axe           |    65 |   165 |   405 |  1363 |   578 ||  2576
Throw: Tomahawk          |       |       |    29 |    46 |    35 ||   110
       Javelin           |       |       |    14 |       |       ||    14
Invok: Lesser Healing    |       |       |    15 |    19 |    63 ||    97
       Purification      |       |       |       |     2 |       ||     2
       Greater Healing   |       |       |       |    16 |     2 ||    18
 Abil: Heal Wounds       |       |       |     8 |    18 |    29 ||    55
Evoke: Wand              |       |       |    17 |    22 |       ||    39
  Use: Potion            |     1 |     5 |     6 |     7 |       ||    19
       Scroll            |       |     4 |    14 |    10 |       ||    28
 Stab: Invisible         |       |       |     4 |       |       ||     4
       Paralysed         |       |       |     4 |    16 |       ||    20
  Eat: Chunk             |       |     6 |     9 |    22 |    25 ||    62
       Royal jelly       |       |       |     3 |     1 |       ||     4
       Meat ration       |       |       |     1 |     2 |       ||     3
       Fruit             |       |       |       |     6 |       ||     6
Armor: Scale mail        |    25 |     8 |       |       |       ||    33
       Chain mail        |       |    82 |   163 |   163 |       ||   408
       Plate armour      |       |       |       |   295 |   175 ||   470
Dodge: Dodged            |    15 |    42 |    79 |   368 |   158 ||   662
Block: Shield            |    36 |   136 |   267 |  1026 |   489 ||  1954

Table legend:
 A = Spawn XP
 B = Non-spawn XP
 C = Spawn XP percentage of total XP
 D = Spawn monster count
 E = Non-spawn monster count
 F = Spawn count percentage of total count
 G = Total turns spent on level
                    A         B        C        D         E        F      G
               +---------+---------+-------+---------+---------+-------+---------
         Total |       0 |   57278 |   0.0 |       0 |     477 |   0.0 | 14941
               +---------+---------+-------+---------+---------+-------+---------
           D:1 |       0 |      22 |   0.0 |       0 |      13 |   0.0 |   850
           D:2 |       0 |     350 |   0.0 |       0 |      14 |   0.0 |   690
           D:3 |       0 |     263 |   0.0 |       0 |      38 |   0.0 |  1081
           D:4 |       0 |     556 |   0.0 |       0 |      21 |   0.0 |   810
           D:5 |       0 |     784 |   0.0 |       0 |      16 |   0.0 |   837
           D:6 |       0 |     709 |   0.0 |       0 |      13 |   0.0 |  1289
           D:7 |       0 |     913 |   0.0 |       0 |      19 |   0.0 |   751
           D:8 |       0 |    1915 |   0.0 |       0 |      17 |   0.0 |   746
           D:9 |       0 |    4055 |   0.0 |       0 |      42 |   0.0 |   802
          D:10 |       0 |    5001 |   0.0 |       0 |      38 |   0.0 |   909
          D:11 |       0 |    6331 |   0.0 |       0 |      52 |   0.0 |   830
          D:12 |       0 |    5091 |   0.0 |       0 |      28 |   0.0 |   736
        Lair:1 |       0 |    3932 |   0.0 |       0 |      16 |   0.0 |  1057
        Lair:2 |       0 |    4474 |   0.0 |       0 |      15 |   0.0 |   771
         Orc:1 |       0 |   12896 |   0.0 |       0 |      70 |   0.0 |  1398
         Orc:2 |       0 |    9983 |   0.0 |       0 |      64 |   0.0 |  1090
        Bailey |       0 |       3 |   0.0 |       0 |       1 |   0.0 |   101
               +---------+---------+-------+---------+---------+-------+---------
